 Dungeon Crawl Stone Soup version 0.17-b1-22-g5359643 (webtiles) character file.

75 Wiadro440 the Ruffian (level 4, -5/40 HPs)
             Began as a Ghoul Monk on Nov 5, 2015.
             Slain by an iron imp (8 damage)
             ... summoned by Natasha
             ... on level 2 of the Dungeon.
             The game lasted 00:20:34 (1805 turns).

Wiadro440 the Ruffian (Ghoul Monk)                  Turns: 1805, Time: 00:20:36

Health: -5/40      AC:  7    Str: 15    XL:     4   Next: 31%
Magic:  3/3        EV: 10    Int:  5    God:
Gold:   75         SH:  0    Dex: 11    Spells: 0 memorised, 3 levels left

rFire  . . .     SeeInvis .       - Unarmed
rCold  + + .     Clarity  .     g - +0 scale mail
rNeg   + + +     SustAt   .     (no shield)
rPois  ∞         Gourm    .     (no helmet)
rElec  .         Spirit   .     (no cloak)
rCorr  .         Warding  .     h - +0 pair of gloves
rMut   .         Stasis   .     (no boots)
MR     .....                    (no amulet)
Stlth  +.........               (no ring)
                                n - ring of protection from cold

@: rotting, slowed, very slow, not resistant to hostile enchantments, very
unstealthy
A: rotting body, claws 1, carnivore 3, cold resistance 1, negative energy
resistance 3, slow regeneration 1, torment resistance, unbreathing
a: no special abilities


You were on level 2 of the Dungeon.
You were not hungry.

You visited 1 branch of the dungeon, and saw 2 of its levels.

You collected 75 gold pieces.

Inventory:

Missiles
 k - 34 stones (quivered)
Armour
 g - a +0 scale mail (worn)
 h - a +0 pair of gloves (worn)
 m - a +0 large shield
Jewellery
 n - a ring of protection from cold (left hand)
Scrolls
 c - a scroll of fog {unknown}
 l - a scroll of identify
Potions
 a - a potion of cancellation
Comestibles
 b - a chunk of flesh


   Skills:
 + Level 3.8 Fighting
 + Level 0.8 Armour
 + Level 3.2 Dodging
 + Level 2.4 Stealth
 + Level 5.2 Unarmed Combat


You had 3 spell levels left.
You didn't know any spells.

Dungeon Overview and Level Annotations

Branches:
Dungeon (2/15)

Altars:
Yredelemnul

Annotations:
D:1 exclusion: downstairs
D:2 Natasha


Innate Abilities, Weirdness & Mutations

Your body is rotting away.
You thrive on raw meat.
You are immune to poison.
You have sharp fingernails.
You are carnivorous and can eat meat at any time.
Your flesh is cold resistant.
You are immune to negative energy.
You regenerate slowly when monsters are visible.
You are immune to unholy pain and torment.
You can survive without breathing.


Message History

The puff of frost hits you! You resist. The iron imp hits you!
Natasha stares at you and mumbles some strange words.
The magic dart hits you!
* * * LOW HITPOINT WARNING * * *
The rat twitches its whiskers.
You hit Natasha.
Natasha is almost dead.
The white imp barely misses you. Natasha barely misses you.
The iron imp hits you!
* * * LOW HITPOINT WARNING * * *
The white imp hits you but does no damage.
The iron imp hits you.
* * * LOW HITPOINT WARNING * * *
Eat one of 2 chunks of flesh? (ye/n/q/i?) This raw flesh tastes great!
Natasha barely misses you. The white imp hits you.
* * * LOW HITPOINT WARNING * * *
The white imp freezes you. You resist.
* * * LOW HITPOINT WARNING * * *
The iron imp hits you!
You die...

..# #.# # #.# #.#
.##.# ##'## ....
##...## #.##
##.....## #..##
##.......##
##...####.........#
#5h5).(.'...<....['
##@.r####......<..#
#..## ##.......##
#.### ##...>.##
#.#.## ##l..##
#....## ##'##
#.....# #.# ##...##
#.# ##.## #.# #.#
###... ##


You could see an iron imp, Natasha, a white imp and a rat.

Vanquished Creatures
  Jessica (D:2)
  2 adders (D:2)
  A worm (D:2)
  5 hobgoblins
  2 ball pythons (D:2)
  6 bats
  2 giant newts
  2 goblins
  6 kobolds
  6 rats
33 creatures vanquished.

Notes
Turn   | Place    | Note
--------------------------------------------------------------
     0 | D:1      | Wiadro440 the Ghoul Monk began the quest for the Orb.
     0 | D:1      | Reached XP level 1. HP: 19/19 MP: 0/0
   122 | D:1      | Reached XP level 2. HP: 26/26 MP: 1/1
  1176 | D:2      | Reached XP level 3. HP: 8/30 MP: 2/2
  1464 | D:2      | Found a basalt altar of Yredelemnul.
  1499 | D:2      | Reached skill level 5 in Unarmed Combat
  1710 | D:2      | Noticed Jessica
  1724 | D:2      | Killed Jessica
  1724 | D:2      | Reached XP level 4. HP: 37/39 MP: 3/3
  1792 | D:2      | Noticed Natasha
  1804 | D:2      | HP: 1/40 [iron imp[Natasha] (4)]
  1805 | D:2      | Slain by an iron imp

Action                   |  1- 3 |  4- 6 || total
-------------------------+-------+-------++-------
Melee: Unarmed           |    76 |    25 ||   101
  Use: Scroll            |     4 |       ||     4
       Potion            |     1 |       ||     1
 Stab: Sleeping          |     2 |       ||     2
  Eat: Chunk             |     8 |     3 ||    11
       Meat ration       |     2 |       ||     2
       Beef jerky        |     1 |       ||     1
